 Dungeon Crawl Stone Soup version 0.27.0-1-g7a089689b8 (webtiles) character file.

Game seed: 12316263761686792757

249 mainiacjoe the Insei (level 5, -2/41 HPs)
             Began as a Demonspawn Monk on Aug 11, 2021.
             Slain by an orc wizard (3 damage)
             ... on level 4 of the Dungeon.
             The game lasted 00:08:44 (3727 turns).

mainiacjoe the Insei (Demonspawn Monk)              Turns: 3727, Time: 00:08:45

Health: -2/41      AC:  6    Str: 13    XL:     5   Next: 87%
Magic:  5/5        EV:  9    Int: 17    God:
Gold:   40         SH:  0    Dex: 15    Spells: 4/4 levels left

rFire    + + .     SeeInvis .   q - +0 dagger (drain)
rCold    + . .     Faith    .   r - +1 buckler
rNeg     . . .     Spirit   .   l - +0 scale mail
rPois    +         Reflect  .   (no helmet)
rElec    +         Harm     .   (no cloak)
rCorr    +         Rampage  .   (no gloves)
Will     .....                  (no boots)
Stlth    ..........             (no amulet)
HPRegen  0.13/turn              f - ring of protection from fire
MPRegen  0.09/turn              t - +6 ring of intelligence

@: confused, mighty, resistant
A: hooves 2, demonic magic 1
a: no special abilities


You were on level 4 of the Dungeon.
You visited 1 branch of the dungeon, and saw 4 of its levels.

You collected 220 gold pieces.
You spent 180 gold pieces at shops.

Inventory:

Hand Weapons
 a - a +0 falchion
 q - a +0 dagger of draining (weapon)
Missiles
 d - 65 stones
 e - 38 sling bullets
 p - 6 boomerangs
 u - 42 bolts
 B - 3 poisoned darts (quivered)
Armour
 b - a +0 robe
 l - a +0 scale mail (worn)
 r - a +1 buckler (worn)
 y - a +0 cloak
Jewellery
 f - a ring of protection from fire (left hand)
 t - a +6 ring of intelligence (right hand)
 x - a ring of positive energy
Wands
 j - a wand of digging (1)
 w - a wand of polymorph (10)
 z - a wand of paralysis (10)
Scrolls
 c - a scroll of magic mapping {unknown}
 i - a scroll of enchant armour
 n - a scroll of enchant weapon {unknown}
 s - a scroll of immolation {unknown}
 A - a scroll of teleportation {unknown}
Potions
 g - a potion of haste
 h - a potion of brilliance
 m - 2 potions of flight
 o - a potion of degeneration {unknown}
 v - a potion of resistance
 C - a potion of heal wounds {unknown}


   Skills:
 - Level 3.0 Fighting
 - Level 3.2 Long Blades
 - Level 2.6 Dodging
 - Level 1.7 Stealth
 + Level 2.5 Shields
 + Level 4.0 Unarmed Combat


You had 4 spell levels left.
You didn't know any spells.
Your spell library contained the following spells:

 Spells                   Type           Power      Damage    Failure   Level
 Inner Flame              Hex/Fire       0%         N/A       99%         3
 Cause Fear               Hex            0%         N/A       100%        4
 Fireball                 Conj/Fire      0%         3d3       100%        5
 Starburst                Conj/Fire      0%         8x6d3     100%        6
 Discord                  Hex            0%         N/A       100%        8
 Ignition                 Fire           0%         3d3       100%        8


Dungeon Overview and Level Annotations

Branches:
Dungeon (4/15)
 Temple: D:4-7

Altars:

Shops:
D:3 [


Innate Abilities, Weirdness & Mutations

You have hoof-like feet.
Spells you cast may paralyse adjacent enemies.


Message History

The orc priest is severely wounded.
Something hits you but does no damage.
The orc priest hits you with a +0 short sword.
You hit the orc priest but do no damage.
You drain the orc priest. You kick the orc priest.
You kill the orc priest!
Something hits you but does no damage.
Your Unarmed Combat skill increases to level 4!
You hit something but do no damage. Your kick misses something.
The orc barely misses you. Something hits you.
You hit something. You kick something. The orc barely misses you.
Something completely misses you.
You barely miss something. You block the orc's attack. Something hits you.
You hit something. You kick something. The orc hits you with a +0 hand axe.
Something completely misses you.
You barely miss something. You kick something.
The orc hits you with a +0 hand axe. Something hits you.
You hit something but do no damage. Your kick misses something.
The orc hits you with a +0 hand axe.
* * * LOW HITPOINT WARNING * * *
You hear some strange, mumbled words.
You are confused.
Something hits you but does no damage. The orc hits you with a +0 hand axe.
* * * LOW HITPOINT WARNING * * *
Something hits you.
* * * LOW HITPOINT WARNING * * *
The orc hits you with a +0 hand axe.
* * * LOW HITPOINT WARNING * * *
It was a potion of resistance.
You feel protected. Something hits you but does no damage.
The orc hits you with a +0 hand axe.
* * * LOW HITPOINT WARNING * * *
You feel very mighty all of a sudden. The orc hits you but does no damage.
Something hits you but does no damage. The orc hits you but does no damage.
You closely miss the orc. The orc hits you with a +0 short sword.
* * * LOW HITPOINT WARNING * * *
Something hits you.
You die...

....###.#### ## ..#.# ...
.. ###.# .### .# # .... #.
.# # #..##.#.# .#
#+#........ .#
.....##.#.#########.######
......#.#.#......o)......#
....#.#.#.#.....@o#.##.###
....#...#.#######.#{#
........#.........#o#
...##...#.#########o#
...+......[# o#
...##.#>........ o#
...##.####.##### ##
...##.. ... ...#### .###


You could see 2 orcs.

Vanquished Creatures
  An orc priest (D:4)
  A hound (D:4)
  An iguana (D:4)
  Robin (D:4)
  3 gnolls (D:4)
  4 adders
  An adder skeleton (D:4)
  A worm (D:2)
  2 orcs
  9 ball pythons
  5 bats
  5 endoplasms
  3 giant cockroaches
  14 goblins
  3 hobgoblins
  6 jackals
  3 quokkas
  7 frilled lizards
  7 kobolds
  2 rats
79 creatures vanquished.

Notes
Turn   | Place    | Note
-------+----------+-------------------------------------------
     0 | D:1      | mainiacjoe the Demonspawn Monk began the quest for the Orb.
     0 | D:1      | Reached XP level 1. HP: 18/18 MP: 1/1
   385 | D:1      | Gained mutation: You have large cloven feet. [demonic
                  | ancestry]
   385 | D:1      | Reached XP level 2. HP: 24/24 MP: 2/2
   611 | D:1      | Reached skill level 1 in Unarmed Combat
   954 | D:2      | Gained mutation: You have hoof-like feet. [demonic
                  | ancestry]
   954 | D:2      | Reached XP level 3. HP: 29/29 MP: 3/3
   977 | D:2      | Reached skill level 2 in Unarmed Combat
  1571 | D:3      | Reached XP level 4. HP: 35/35 MP: 4/4
  1737 | D:3      | Found Keos's Antique Armour Emporium.
  1745 | D:3      | Bought a buckler for 90 gold pieces
  1946 | D:3      | Noticed an ice beast
  2181 | D:4      | Reached skill level 3 in Unarmed Combat
  2193 | D:4      | Reached skill level 1 in Shields
  2429 | D:4      | Noticed Robin
  2763 | D:4      | Killed Robin
  2766 | D:4      | Gained mutation: Spells you cast may paralyse adjacent
                  | enemies. [demonic ancestry]
  2766 | D:4      | Reached XP level 5. HP: 36/41 MP: 5/5
  3567 | D:3      | Bought a cloak for 90 gold pieces
  3716 | D:4      | Reached skill level 4 in Unarmed Combat
  3727 | D:4      | HP: 1/41 [orc (4)]
  3727 | D:4      | Slain by an orc wizard

Illustrated notes

Levels and vault maps discovered:
D:1:      enne_arrival_octagon_isle, layout_basic
D:2:      layout_rooms, dk_noncrumbling_4, lemuel_another_geyser
D:3:      layout_rooms, serial_shops, nicolae_diamond_shop,
          minmay_misc_feat_room, minmay_stone_trees_small
D:4:      layout_basic, uniq_robin

Skill      XL: |  1  2  3  4  5 |
---------------+----------------+-----
Long Blades    | 3 |  3.2
Unarmed Combat | 1 2 3 4 |  4.0
Shields        | 1 2 |  2.5
Fighting       | |  3.0
Dodging        | |  2.6
Stealth        | |  1.7

Action                   |  1- 3 |  4- 6 || total
-------------------------+-------+-------++-------
Melee: Falchion          |    86 |     3 ||    89
       Kick              |    19 |    29 ||    48
       Dagger            |       |   112 ||   112
Throw: Stone             |    81 |    46 ||   127
       Dart              |       |    10 ||    10
Evoke: Wand              |       |     1 ||     1
  Use: Scroll            |     3 |     2 ||     5
       Potion            |       |     2 ||     2
 Stab: Sleeping          |     1 |       ||     1
Armor: Robe              |    12 |       ||    12
       Scale mail        |    19 |    52 ||    71
Dodge: Dodged            |    56 |    56 ||   112
Block: Buckler           |       |    30 ||    30
       Rpst.: Falchion   |    16 |       ||    16
